 Dungeon Crawl Stone Soup version 0.19.1-1-g22dce08 (webtiles) character file.

253 Alarkh the Chopper (level 5, -2/45 HPs)
             Began as a Draconian Monk on Jan 18, 2017.
             Slain by a gnoll
             ... wielding a +0 whip
              (6 damage)
             ... on level 3 of the Dungeon.
             The game lasted 00:03:06 (1825 turns).

Alarkh the Chopper (Draconian Monk)                 Turns: 1825, Time: 00:03:07

Health: -2/45      AC:  5    Str: 13    XL:     5   Next: 90%
Magic:  5/5        EV: 13    Int: 11    God:
Gold:   76         SH:  0    Dex: 14    Spells: 0 memorised, 4 levels left

rFire  . . .     SeeInvis .     a - +1 hand axe
rCold  . . .     Gourm    .     (armour unavailable)
rNeg   . . .     Faith    .     (no shield)
rPois  .         Spirit   .     (helmet restricted)
rElec  .         Reflect  .     (no cloak)
rCorr  .         Harm     .     (no gloves)
MR     .....                    (no boots)
Stlth  ++........               (no amulet)
                                (no ring)
                                (no ring)

@: no status effects
A: unfitting armour, cold-blooded, AC +5
a: no special abilities


You were on level 3 of the Dungeon.
You were not hungry.

You visited 1 branch of the dungeon, and saw 3 of its levels.

You collected 76 gold pieces.

Inventory:

Hand Weapons
 a - a +1 hand axe (weapon)
Scrolls
 e - a scroll of identify
 h - a scroll of random uselessness
Potions
 c - a potion of curing
 m - a potion of flight
 o - a potion of haste
Comestibles
 b - 2 bread rations
 f - 5 chunks of flesh
 j - 4 fruits
 k - a beef jerky


   Skills:
 - Level 3.2 Fighting
 + Level 6.7 Axes
 - Level 2.6 Dodging
 - Level 1.7 Stealth


You had 4 spell levels left.
You didn't know any spells.

Dungeon Overview and Level Annotations

Branches:
Dungeon (3/15)

Altars:
Xom


Innate Abilities, Weirdness & Mutations

Your plain brown scales are hard. (AC +5)
You cannot fit into any form of body armour.
You are cold-blooded and may be slowed by cold attacks.


Message History

You hit the gnoll.
The gnoll is moderately wounded.
You hit the hound. The hound completely misses you.
The gnoll closely misses you. The hound barely misses you.
You completely miss the gnoll.
The gnoll is moderately wounded.
You barely miss the gnoll. You completely miss the hound. The gnoll misses you.
The hound bites you but does no damage. The gnoll hits you with a whip!
You hit the gnoll.
The gnoll is moderately wounded.
You hit the gnoll. You hit the hound. The hound bites you.
The gnoll hits you with a whip!
* * * LOW HITPOINT WARNING * * *
The hound bites you but does no damage. The gnoll hits you but does no damage.
Okay, then.
You barely miss the gnoll.
You tail-slap the gnoll, but do no damage.
The gnoll is moderately wounded.
You closely miss the hound. You hit the gnoll. The gnoll hits you with a whip.
You die...

#. #. #. #.# ..##.
###..#.#.. ###......[.
#...#.....# #.......# .#
.....#... #.hgg.# .#
.....g..# #..@..##.#
.....#..####.....#..#
..........##.......#
..........##.#.....#
...................#
.........<.........########
.......<)..................
.......).....).....=.......
...........................


You could see a hound and 2 gnolls.

Vanquished Creatures
  Sigmund (D:3)
  A gnoll (D:3)
  2 adders
  An ooze (D:2)
  A worm (D:2)
  A dart slug (D:2)
  A leopard gecko (D:1)
  An orc (D:2)
  A giant cockroach (D:2)
  6 hobgoblins
  7 jackals
  8 kobolds
  10 ball pythons
  5 bats
  5 frilled lizards
  6 goblins
  6 rats
63 creatures vanquished.

Notes
Turn   | Place    | Note
-------+----------+-------------------------------------------
     0 | D:1      | Alarkh the Draconian Monk began the quest for the Orb.
     0 | D:1      | Reached XP level 1. HP: 19/19 MP: 1/1
    27 | D:1      | Found a shimmering altar of Xom.
   199 | D:1      | Reached XP level 2. HP: 20/26 MP: 2/2
   437 | D:1      | Reached skill level 4 in Axes
   987 | D:2      | Reached XP level 3. HP: 31/31 MP: 3/3
  1435 | D:2      | Reached XP level 4. HP: 33/38 MP: 4/4
  1592 | D:3      | Noticed Sigmund
  1596 | D:3      | Reached skill level 5 in Axes
  1624 | D:3      | Killed Sigmund
  1624 | D:3      | Reached skill level 6 in Axes
  1624 | D:3      | Reached XP level 5. HP: 6/45 MP: 5/5
  1825 | D:3      | Slain by a gnoll

Skill      XL: |  1  2  3  4 |
---------------+-------------+-----
Axes           | 4 6 |  6.7
Fighting       | |  3.2
Dodging        | |  2.6
Stealth        | |  1.7

Action                   |  1- 3 |  4- 6 || total
-------------------------+-------+-------++-------
Melee: Hand axe          |   154 |    66 ||   220
       Tailslap          |    16 |     6 ||    22
  Use: Scroll            |     3 |     5 ||     8
       Potion            |     2 |     1 ||     3
 Stab: Sleeping          |     7 |       ||     7
  Eat: Chunk             |     2 |     1 ||     3
Armor: Skin              |    41 |    53 ||    94
Dodge: Dodged            |   105 |    37 ||   142
